 Dungeon Crawl Stone Soup version 0.31-a0-152-g6aa68a64a1 (webtiles) character file.

Game seed: 3087093086750644488

13 Elmgren the Shooter (level 2, 0/25 HPs)
             Began as a Minotaur Hunter on June 10, 2023.
             Succumbed to a gnoll's poison
             ... on level 1 of the Dungeon.
             The game lasted 00:00:52 (610 turns).

Elmgren the Shooter (Minotaur Hunter)                Turns: 610, Time: 00:00:53

Health: 0/25       AC:  3    Str: 15    XL:     2   Next: 24%
Magic:  1/1        EV: 12    Int:  6    God:
Gold:   90         SH:  0    Dex: 13    Spells: 1/1 levels left

rFire   . . .        a - +0 shortbow
rCold   . . .        (shield currently unavailable)
rNeg    . . .        c - +0 leather armour
rPois   .            (helmet restricted)
rElec   .            (no cloak)
rCorr   .            (no gloves)
SInv    .            (no boots)
Will    .....        (no amulet)
Stlth   +            (no ring)
HPRegen 0.24/turn    (no ring)
MPRegen 0.07/turn

%: no passive effects
@: lethally poisoned (0 -> -1)
A: horns 2, retaliatory headbutt
a: no special abilities


You were on level 1 of the Dungeon.
You visited 1 branch of the dungeon, and saw 1 of its levels.

You collected 90 gold pieces.

Inventory:

Hand Weapons
 a - a +0 shortbow (weapon)
Armour
 c - a +0 leather armour (worn)
Scrolls
 b - a scroll of butterflies
 d - 4 scrolls of identify {unknown}
 h - a scroll of vulnerability {unknown}
 j - a scroll of immolation {unknown}
Potions
 e - a potion of resistance {unknown}
 f - a potion of enlightenment {unknown}
 g - a potion of invisibility {unknown}
 i - a potion of degeneration {unknown}
 k - a potion of heal wounds {unknown}


   Skills:
 + Level 2.9 Fighting
 + Level 4.6 Ranged Weapons
 + Level 2.6 Dodging
 - Level 0.7 Stealth


You had one spell level left.
You didn't know any spells.
Your spell library was empty.

Dungeon Overview and Level Annotations

Branches:
Dungeon (1/15)

Altars:


Innate Abilities, Weirdness & Mutations

You have a pair of horns on your head.
You reflexively headbutt those who attack you in melee.


Message History

You see here a hobgoblin corpse.
There is a stone staircase leading down here.
A gnoll comes into view. It is wielding a +1 spear of venom.
Saving game... please wait.
Welcome back, Elmgren the Minotaur Hunter.
Press ? for a list of commands and other information.
You shoot an arrow. The arrow hits the gnoll.
The gnoll is lightly wounded.
A giant cockroach comes into view.
The giant cockroach moves out of view.
A gnoll is nearby!
You shoot an arrow. The arrow closely misses the gnoll.
There are monsters nearby!
You shoot an arrow. The arrow barely misses the gnoll.
The gnoll hits you from afar with a +1 spear of venom.
There are monsters nearby!
You shoot an arrow. The arrow hits the gnoll.
The gnoll is heavily wounded.
The gnoll hits you from afar with a +1 spear of venom.
You are poisoned.
There are monsters nearby!
You are too injured to fight recklessly!
There are monsters nearby!
You are too injured to fight recklessly!
There are monsters nearby!
You feel very sick. The gnoll misses you.
You feel sick.
The gnoll hits you from afar with a +1 spear of venom!
* * * LOW HITPOINT WARNING * * *
Unknown command.
* * * LOW HITPOINT WARNING * * *
You feel sick.
* * * LOW HITPOINT WARNING * * *
You feel sick.
* * * LOW HITPOINT WARNING * * *
You feel sick.
* * * LOW HITPOINT WARNING * * *
You feel sick.
You die...

#.#.##.#.# #.#####.# #.
#........## #.# #.# #. ###
#..#......# #.# #.# #. ....
#........###.# #.###.
...###.......รท...#####.....
....#...##..###.......###.
#.............###.....##
#...........#####.....##
#..###...g..@................
#......#B........##.#......##
#.######.........##.#.)....#
#....)....##.#.##.#.#
#.........##.#.##.#.#
#..#########.#.##.#.#
#......#####.#.##.#.##
##.###...............#
#...........######..#


You could see a gnoll and a giant cockroach.

Vanquished Creatures
  A dart slug (D:1)
  A hobgoblin (D:1)
  A quokka (D:1)
  3 ball pythons (D:1)
  3 kobolds (D:1)
  2 rats (D:1)
11 creatures vanquished.

Notes
Turn   | Place    | Note
-------+----------+-------------------------------------------
     0 | D:1      | Elmgren the Minotaur Hunter began the quest for the Orb.
     0 | D:1      | Reached XP level 1. HP: 18/18 MP: 0/0
   362 | D:1      | Reached XP level 2. HP: 20/25 MP: 1/1
   609 | D:1      | HP: 1/25 [poisoned by a gnoll]
   610 | D:1      | Succumbed to a gnoll's poison

Illustrated notes

Levels and vault maps discovered:
D:1:      shiori_arrival_oz, layout_loops_ring, minmay_misc_feat_pillars,
          chequers_serial_rivers_large_a, chequers_jeans, dreamdust_wishing_well

Action                     || total
---------------------------++-------
   Fire: Shortbow          ||    39
 Armour: Leather armour    ||     4
  Dodge: Dodged            ||    14

Table legend: (Time is in decaauts)
 A = Elapsed time spent in this place.
 B = Non-inter-level travel time spent in this place.
 C = Inter-level travel time spent in this place.
 D = Time resting spent in this place.
 E = Time spent auto-exploring this place.
 F = Levels seen in this place.
 G = Mean time per level.
                   A        B        C        D        E       F      G
               +--------+--------+--------+--------+--------+-----+--------+
         Total |    618 |    618 |      0 |      0 |    537 |   1 |  618.0 |
       Dungeon |    618 |    618 |      0 |      0 |    537 |   1 |  618.0 |
               +--------+--------+--------+--------+--------+-----+--------+

Top non-repeatable levels by time:
     D:1: 618 daAuts
